 Dungeon Crawl Stone Soup version 0.29.1-1-gd02db6906a (webtiles) character file.

Game seed: 5476627942121423425

716 anonymouscript the Chopper (level 7, -1/63 HPs)
             Began as a Minotaur Berserker on Sept 27, 2022.
             Was a Believer of Trog.
             Slain by an ogre
             ... wielding a +0 giant club
              (36 damage)
             ... on level 5 of the Dungeon.
             The game lasted 00:11:45 (4048 turns).

anonymouscript the Chopper (Minotaur Berserker)     Turns: 4048, Time: 00:11:46

Health: -1/63      AC:  3    Str: 22    XL:     7   Next: 41%
Magic:  6/6        EV: 13    Int: 10    God:    Trog [**....]
Gold:   134        SH:  0    Dex: 11    Spells: 6/6 levels left

rFire   . . .      SeeInvis .   c - +0 battleaxe
rCold   . . .      Faith    .   (shield currently unavailable)
rNeg    . . .      Spirit   .   b - +0 animal skin
rPois   .          Reflect  .   (helmet restricted)
rElec   .          Harm     .   p - scarf {repulsion}
rCorr   .          Rampage  .   q - +0 pair of gloves
Will    .....                   (no boots)
Stlth   ++........              (no amulet)
HPRegen 0.20/turn               x - +6 ring of intelligence
MPRegen 0.10/turn               (no ring)

@: repel missiles
A: horns 2, retaliatory headbutt
a: Renounce Religion, Berserk, Trog's Hand


You were on level 5 of the Dungeon.
You worshipped Trog.
Trog was pleased with you.
You visited 2 branches of the dungeon, and saw 6 of its levels.
You also visited: Sewer.

You collected 222 gold pieces.
You spent 88 gold pieces at shops.

Inventory:

Hand Weapons
 a - a +0 hand axe
 c - a +0 battleaxe (weapon)
 y - a +3 mace
Missiles
 d - 4 poisoned darts (quivered)
 j - 2 boomerangs
Armour
 b - a +0 animal skin (worn)
 p - a scarf of repulsion (worn)
 q - a +0 pair of gloves (worn)
Jewellery
 x - a +6 ring of intelligence (left hand)
Wands
 s - a wand of roots (8)
 A - a wand of charming (10)
 B - a wand of flame (34)
Scrolls
 e - 4 scrolls of enchant armour
 l - a scroll of enchant weapon {unknown}
 m - 2 scrolls of blinking
 n - a scroll of acquirement {unknown}
 o - a scroll of fear
 r - a scroll of noise {unknown}
 t - a scroll of vulnerability {unknown}
 u - 3 scrolls of teleportation {unknown}
 v - 2 scrolls of butterflies {unknown}
Potions
 g - 2 potions of magic
 h - 4 potions of curing
 i - 3 potions of lignification
 k - a potion of heal wounds
 w - a potion of invisibility
 z - 5 potions of resistance {unknown}


   Skills:
 + Level 6.2 Fighting
 + Level 7.8 Axes
 + Level 2.7 Armour
 + Level 4.1 Dodging
 + Level 1.4 Stealth


You had 6 spell levels left.
You didn't know any spells.
Your spell library was empty.

Dungeon Overview and Level Annotations

Branches:
Dungeon (5/15)             Temple (1/1) D:5           Sewer (visited)

Altars:
Ashenzari
Vehumet

Shops:
D:2 :(   D:4 *   D:5 [


Innate Abilities, Weirdness & Mutations

You have a pair of horns on your head.
You reflexively headbutt those who attack you in melee.


Message History

Trog accepts your kill.
Your Dodging skill increases to level 4!
There is a fountain of clear blue water here.
B - a wand of flame (34) (gained 17 charges)
There are no items here.
There is a staircase to the Ecumenical Temple here.
You climb downwards.
Welcome to the Ecumenical Temple!
Found a radiant altar of Vehumet and a broken altar of Ashenzari.
There is a staircase back to the Dungeon here.
You climb upwards.
Welcome back to the Dungeon!
There is a staircase to the Ecumenical Temple here.
HP restored.
z - 5 emerald potions (gained 2)
Found a stone staircase leading up.
There is a stone staircase leading up here.
An ogre comes into view. It is wielding a +0 giant club.
An iguana comes into view.
Found Ceamal's Antique Armour Boutique.
The iguana hisses angrily.
You see here 11 gold pieces.
You now have 134 gold pieces (gained 11).
The iguana misses you. You furiously retaliate!
You headbutt the iguana! You closely miss the iguana. You headbutt the iguana.
The iguana is severely wounded.
The iguana hisses menacingly.
The iguana closely misses you. x2
You hit the iguana but do no damage.
The iguana is severely wounded.
The iguana barely misses you.
You slash the iguana!
You kill the iguana!
Trog accepts your kill.
You see here an iguana corpse.
You barely miss the ogre.
The ogre hits you with a +0 giant club!!
You slice the ogre!!
The ogre is severely wounded.
The ogre hits you with a +0 giant club!!!
Ouch! That really hurt!
You die...

#.# ####.# .# .....#
.#### ####.# #.... #
#.# #~.~## # #.#
≈~.~≈# ## #.#
#####≈~∩≈≈## .# #.#
#.†..≈≈≈≈≈.. .###.##
#.##@#≈≈≈##
.##.<.#######.#..O#
##
.##..........#..#...
.##...#######.#.....#
.###### #.##.#.... [#
#.# ....... .# .#
##.##.. .# .# .# ..
.# ..


You could see an ogre.

Vanquished Creatures
  Pargi (Sewer)
  An ogre (D:3)
  4 phantoms
  A scorpion (D:5)
  A hound (D:4)
  An iguana (D:5)
  Robin (D:4)
  3 adders
  3 worms
  2 dart slugs
  An orc (D:3)
  6 ball pythons
  4 bats (D:3)
  3 endoplasms (D:3)
  4 giant cockroaches
  17 goblins
  6 hobgoblins
  4 jackals
  6 quokkas
  A frilled lizard (D:2)
  A kobold (D:4)
  5 rats
76 creatures vanquished.

Notes
Turn   | Place    | Note
-------+----------+-------------------------------------------
     0 | D:1      | anonymouscript the Minotaur Berserker began the quest for
                  | the Orb.
     0 | D:1      | Reached XP level 1. HP: 19/19 MP: 0/0
   260 | D:1      | Reached XP level 2. HP: 22/27 MP: 1/1
   896 | D:2      | Found Qeory's Vocational Training.
   901 | D:2      | Reached skill level 4 in Axes
  1216 | D:2      | Reached XP level 3. HP: 19/34 MP: 2/2
  1375 | D:2      | Found Doysa's Antique Weapon Shop.
  1968 | D:3      | Noticed an ogre
  1975 | D:3      | Killed an ogre
  1976 | D:3      | Reached skill level 5 in Fighting
  1976 | D:3      | Reached skill level 5 in Axes
  1976 | D:3      | Reached XP level 4. HP: 27/42 MP: 3/3
  1976 | D:3      | Reached XP level 5. HP: 30/48 MP: 4/4
  2254 | D:3      | Reached ** piety under Trog
  2724 | D:4      | Found Mejosk's Assorted Antiques.
  2737 | D:4      | Bought a crooked copper wand for 88 gold pieces
  2753 | D:4      | Noticed a phantom
  2764 | D:4      | Killed a phantom
  2886 | D:4      | Found a glowing drain.
  2903 | Sewer    | Entered a sewer
  2965 | Sewer    | Noticed Pargi
  2975 | Sewer    | Killed Pargi
  2976 | Sewer    | Reached skill level 6 in Axes
  2976 | Sewer    | Reached XP level 6. HP: 57/57 MP: 5/5
  3194 | D:4      | Noticed Robin
  3207 | D:4      | Reached skill level 1 in Stealth
  3212 | D:4      | Killed Robin
  3527 | D:4      | Reached skill level 7 in Axes
  3527 | D:4      | Reached XP level 7. HP: 49/63 MP: 6/6
  3741 | D:5      | Entered Level 5 of the Dungeon
  3892 | D:5      | Found a staircase to the Ecumenical Temple.
  3914 | Temple   | Entered the Ecumenical Temple
  4038 | D:5      | Found Ceamal's Antique Armour Boutique.
  4048 | D:5      | Slain by an ogre

Illustrated notes

Levels and vault maps discovered:
D:1:      spicycebolla_arrival_ecumenical, layout_loops_ring,
          kennysheep_decorative_pillar
D:2:      layout_rooms, serial_shops, shop, minmay_strange_pillars,
          nicolae_shop_vocational
D:3:      layout_basic
D:4:      layout_rooms, serial_shops, kennysheep_mini_moat,
          portal_sewer_entry_f, uniq_robin
D:5:      layout_loops_ring, minmay_temple_entry_sparse_star, serial_shops,
          nicolae_shop_waterfront, nicolae_underground_beach, uniq_grinder
Temple:   regret_index_temple_chain_breaker

Skill      XL: |  1  2  3  4  5  6  7 |
---------------+----------------------+-----
Fighting       | 4 5 6 |  6.2
Axes           | 4 5 6 7 |  7.8
Dodging        | 3 4 |  4.1
Stealth        | 1 |  1.4
Armour         | |  2.7

Action                   |  1- 3 |  4- 6 |  7- 9 || total
-------------------------+-------+-------+-------++-------
Melee: Battleaxe         |    59 |    71 |    16 ||   146
       Headbutt          |    10 |    13 |     2 ||    25
       Mace              |       |     2 |       ||     2
Invok: Berserk           |     1 |     1 |       ||     2
  Use: Potion            |     2 |       |       ||     2
       Scroll            |     3 |     4 |       ||     7
 Stab: Distracted        |       |     1 |       ||     1
Armor: Animal skin       |     7 |    19 |     3 ||    29
Dodge: Dodged            |    45 |    53 |    13 ||   111
       Repelled          |       |     1 |       ||     1
